 Dungeon Sprint DCSS version 0.26.0-57-g60708a5e39 (webtiles) character file.

Game seed: 9795698447450260491

28 Groucho the Skirmisher (level 3, 0/36 HPs)
             Began as a Naga Fighter on Feb 2, 2021.
             Was a Priest of Cheibriados.
             Slain by a fire bat (5 damage)
             ... in the Dungeon (Sprint VII: "The Pits").
             The game lasted 00:01:31 (1032 turns).

Groucho the Skirmisher (Naga Fighter)               Turns: 1032, Time: 00:01:32

Health: 0/36       AC:  9    Str: 26    XL:     3   Next: 12%
Magic:  4/4        EV:  3    Int: 17    God:    Cheibriados [***...]
Gold:   0          SH: 10    Dex: 18    Spells: 2/2 levels left

rFire    . . .     SeeInvis +   a - +0 war axe
rCold    . . .     Faith    .   c - +0 kite shield
rNeg     . . .     Spirit   .   p - +2 plate armour
rPois    +         Reflect  .   (no helmet)
rElec    .         Harm     .   (no cloak)
rCorr    .         Rampage  .   (no gloves)
Will     .....     NoTele   +   (no barding)
Stlth    ..........             (no amulet)
HPRegen  0.12/turn              (no ring)
MPRegen  0.09/turn              (no ring)

@: very slow
A: large, see invisible, deformed body, poison resistance, slowness 2, spit
poison 1, AC +1
a: Spit Poison, Renounce Religion, Bend Time, Temporal Distortion


You were in the Dungeon.
You worshipped Cheibriados.
Cheibriados was most pleased with you.
You visited 1 branch

Inventory:

Hand Weapons
 a - a +0 war axe (weapon)
 b - a +1 mace of protection
Missiles
 o - 15 stones
Armour
 c - a +0 kite shield (worn)
 p - a +2 plate armour (worn)
Scrolls
 j - a scroll of blinking
 l - 3 scrolls of remove curse
 m - 5 scrolls of amnesia
 n - a scroll of summoning
Potions
 d - a potion of might
 e - 6 potions of curing
 f - 5 potions of heal wounds
 g - a potion of haste
 h - 4 potions of magic
 i - 3 potions of berserk rage
 k - 2 potions of invisibility


   Skills:
 + Level 4.1 Fighting
 + Level 3.2 Axes
 + Level 3.3 Armour
 + Level 3.4 Shields
 + Level 1.8 Invocations


You had 2 spell levels left.
You didn't know any spells.
Your spell library was empty.

Dungeon Overview and Level Annotations

Branches:
Dungeon (1/1)

Altars:
Ashenzari
Cheibriados
Dithmenos
Elyvilon
Fedhas
Gozag
Hepliaklqana
Kikubaaqudgha
Makhleb
Nemelex Xobeh
Okawaru
Qazlal
Ru
Sif Muna
Trog
Uskayaw
Vehumet
Wu Jian
Xom
Yredelemnul
Zin
The Shining One
Beogh
Jiyva
Lugonu


Innate Abilities, Weirdness & Mutations

You cannot wear boots.
Your serpentine skin is tough. (AC +1)
You have supernaturally acute eyesight. (SInv)
Armour fits poorly on your strangely shaped body.
Your system is resistant to poisons. (rPois)
You cover ground very slowly.
You can spit poison.


Message History

The fire bat bites you but does no damage.
Your Fighting skill increases to level 4!
You have reached level 3!
Your experience leads to an increase in your attributes!
Your base attributes are Str 18, Int 8, Dex 10.
Increase (S)trength, (I)ntelligence, or (D)exterity?
You feel clever.
Your skin feels tougher.
You feel much better. The fire bat barely misses you. The fire bat bites you.
You are engulfed in flames!
You closely miss the fire bat.
The fire bat is lightly wounded.
The fire bat bites you but does no damage. x2
You slash the fire bat!
The fire bat is heavily wounded.
The fire bat bites you.
You are engulfed in flames!
* * * LOW HITPOINT WARNING * * *
You block the fire bat's attack. The fire bat bites you.
* * * LOW HITPOINT WARNING * * *
You are engulfed in flames.
You die...

#...........'.....
#'#####'#####.....
#.#..#.....##.....
#.#))#####'#####'#
#.#.)#.....##.....
#.#))#.....##.....
#.#[[###÷####.....
#.##'#..)÷.##...<.
#@#........##.....
#b#........##.....
#h###########.....
#nw.b.h.# ######
#.###.w.# #.# .#
#.# #.. #..


You could see a warg, a necrophage, a fire bat and a worm.

Vanquished Creatures
  A river rat (D)
  An ufetubus (D)
  A leopard gecko (D)
  2 hobgoblins (D)
  4 jackals (D)
  A frilled lizard (D)
  A kobold (D)
  2 rats (D)
13 creatures vanquished.

Notes
Turn   | Place    | Note
-------+----------+-------------------------------------------
     0 | D        | Groucho the Naga Fighter began the quest for the Orb.
     0 | D        | Reached XP level 1. HP: 21/21 MP: 1/1
    33 | D        | Found a bloodstained altar of Trog.
    33 | D        | Found a shimmering blue altar of Sif Muna.
    33 | D        | Found a viscous altar of Jiyva.
    33 | D        | Found a hazy altar of Hepliaklqana.
    33 | D        | Found an opulent altar of Gozag.
    34 | D        | Found a glowing golden altar of the Shining One.
    34 | D        | Found a glowing silver altar of Zin.
    34 | D        | Found a basalt altar of Yredelemnul.
    34 | D        | Found a shimmering altar of Xom.
    34 | D        | Found an ornate altar of the Wu Jian Council.
    34 | D        | Found a sacrificial altar of Ru.
    34 | D        | Found a stormy altar of Qazlal.
    34 | D        | Found an iron altar of Okawaru.
    34 | D        | Found a sparkling altar of Nemelex Xobeh.
    34 | D        | Found a burning altar of Makhleb.
    34 | D        | Found a blossoming altar of Fedhas.
    34 | D        | Found a white marble altar of Elyvilon.
    34 | D        | Found a shadowy altar of Dithmenos.
    34 | D        | Found a snail-covered altar of Cheibriados.
    37 | D        | Found a corrupted altar of Lugonu.
    37 | D        | Found a radiant altar of Vehumet.
    37 | D        | Found a roughly hewn altar of Beogh.
    38 | D        | Found an ancient bone altar of Kikubaaqudgha.
    38 | D        | Found a hide-covered altar of Uskayaw.
    38 | D        | Found a broken altar of Ashenzari.
    45 | D        | Became a worshipper of Cheibriados the Contemplative
   232 | D        | Reached * piety under Cheibriados
   233 | D        | Reached XP level 2. HP: 28/28 MP: 2/2
   633 | D        | Reached ** piety under Cheibriados
   646 | D        | Reached *** piety under Cheibriados
   647 | D        | Reached skill level 1 in Invocations
  1021 | D        | Noticed a necrophage
  1021 | D        | Noticed a fire bat
  1021 | D        | Noticed a warg
  1030 | D        | Reached skill level 4 in Fighting
  1030 | D        | Reached XP level 3. HP: 5/36 MP: 4/4
  1032 | D        | Slain by a fire bat

Illustrated notes

Levels and vault maps discovered:
D:        pitsprint [storerooms_1, entrance_room_1, metal_vault_7, armoury_1,
          mini_pit_1, grid_room_1, main_hall_1, silver_pit, the_coven_1,
          the_vestibule_1, steel_vault_4, golden_pit, hallway_of_sentries,
          crystal_vault_4, iron_vault_4, final_vault]

Skill      XL: |  1  2 |
---------------+-------+-----
Shields        | 3 |  3.4
Armour         | 3 |  3.3
Axes           | 3 |  3.2
Invocations    | 1 |  1.8
Fighting       | 4 |  4.1

Action                   || total
-------------------------++-------
Melee: War axe           ||    40
 Abil: Spit Poison       ||     1
  Use: Potion            ||     1
Armor: Scale mail        ||    13
       Plate armour      ||    10
Dodge: Dodged            ||    14
Block: Kite shield       ||    31
